 Dungeon Crawl Stone Soup version 0.18-a0-1343-g48c8f86 (webtiles) character file.

514 namelastname112 the Martial Artist (level 7, 52/57 HPs)
             Began as a Mottled Draconian Monk on Feb 16, 2016.
             Quit the game on level 5 of the Dungeon.
             The game lasted 00:06:55 (4873 turns).

namelastname112 the Martial Artist (DrMo)           Turns: 4873, Time: 00:06:56

Health: 52/57      AC:  9    Str: 14    XL:     7   Next: 0%
Magic:  7/7        EV: 12    Int: 10    God:
Gold:   193        SH:  5    Dex: 15    Spells: 0 memorised, 6 levels left

rFire  . . .     SeeInvis .       - Unarmed
rCold  . . .     Gourm    .     (armour unavailable)
rNeg   . . .     Faith    .     f - +2 buckler
rPois  .         Spirit   .     (helmet restricted)
rElec  .         Dismiss  .     m - +0 cloak
rCorr  .         Reflect  .     p - +1 pair of gloves
SustAt .         Harm     .     (no boots)
MR     .....                    (no amulet)
Stlth  ++........               (no ring)
                                (no ring)

@: not resistant to hostile enchantments, unstealthy
A: breathe sticky flame splash, unfitting armour, cold-blooded, AC +6
a: Breathe Sticky Flame


You were on level 5 of the Dungeon.
You were not hungry.

You visited 2 branches of the dungeon, and saw 6 of its levels.

You collected 193 gold pieces.

Inventory:

Hand Weapons
 n - a +0 blowgun
Missiles
 o - 8 poisoned needles
Armour
 f - a +2 buckler (worn)
 m - a +0 cloak (worn)
 p - a +1 pair of gloves (worn)
Wands
 i - a wand of random effects (32/48)
 j - a wand of paralysis (9/24)
Scrolls
 b - 2 scrolls of enchant armour
 c - a scroll of fog
 d - a scroll of remove curse {unknown}
 e - a scroll of magic mapping {unknown}
 g - a scroll of random uselessness {unknown}
 h - a scroll of immolation {unknown}
 l - a scroll of enchant weapon {unknown}
 r - a scroll of teleportation {unknown}
Comestibles
 a - 2 bread rations
 k - 7 fruits
 q - a chunk of flesh


   Skills:
 - Level 3.2 Fighting
 - Level 2.6 Dodging
 - Level 1.7 Stealth
 + Level 8.4 Unarmed Combat


You had 6 spell levels left.
You didn't know any spells.

Dungeon Overview and Level Annotations

Branches:
Dungeon (5/15)             Temple (1/1) D:5

Altars:
Ashenzari
Dithmenos
Elyvilon
Fedhas
Gozag
Kikubaaqudgha
Makhleb
Nemelex Xobeh
Okawaru
Sif Muna
Trog
Vehumet
Xom
Yredelemnul
Zin
The Shining One


Innate Abilities, Weirdness & Mutations

You can spit globs of burning liquid.
You can ignite nearby creatures when you spit burning liquid.
Your weird mottled scales are hard (AC +6).
Your body does not fit into most forms of armour.
You are cold-blooded and may be slowed by cold attacks.


Message History

The river rat is too close now for your liking.
You see here 10 gold pieces.
A river rat is nearby!
A river rat is nearby!
A river rat is nearby!
A river rat is nearby!
You hit the river rat but do no damage. The river rat bites you.
You hit the river rat.
The river rat is lightly wounded.
The river rat misses you.
You hit the river rat.
The river rat is lightly wounded.
You closely miss the river rat.
The river rat is lightly wounded.
You block the river rat's attack.
You punch the river rat!
You kill the river rat!
You have reached level 7!
Your scales start taking on a weird mottled colour.
Are you sure you want to abandon this character and quit the game? (Confirm with "yes".)

...#..##.. ♣ .
..........♣.♣ .♣P.
............♣♣ ♣..♣
...........P♣♣..
.......#.....♣
#........PP.♣
#...........♣ ♣P§
####.......†#....♣§P
..........@.####.$...
.....!...$........###
.....####.........#
#### #.........#
#.........#
#.........#
#.........#
#.........#
#..^......# #


There were no monsters in sight!

Vanquished Creatures
  The ghost of namelastname112 the Ruffian, an amateur DrMo (D:4)
  The ghost of Ratboiler the Skirmisher, an amateur DEWn (D:3)
  A scorpion (D:4)
  A giant frog zombie (D:5)
  An orc wizard (D:4)
  2 hound skeletons (D:4)
  8 adders
  A river rat (D:5)
  An ooze (D:2)
  A worm (D:3)
  5 giant geckos
  5 orcs (D:4)
  A ball python (D:2)
  6 giant cockroaches
  8 goblins
  2 hobgoblins
  6 jackals
  2 quokkas
  9 bats
  A giant gecko skeleton (D:4)
  4 giant newts
  A jackal skeleton (D:4)
  9 kobolds
  3 rats
  2 butterflies (D:2)
82 creatures vanquished.

Vanquished Creatures (others)
  2 plants
2 creatures vanquished.

Grand Total: 84 creatures vanquished

Notes
Turn   | Place    | Note
--------------------------------------------------------------
     0 | D:1      | namelastname112 the Draconian Monk began the quest for the Orb.
     0 | D:1      | Reached XP level 1. HP: 19/19 MP: 1/1
   776 | D:1      | Reached XP level 2. HP: 23/26 MP: 2/2
  1418 | D:2      | Reached skill level 5 in Unarmed Combat
  1418 | D:2      | Reached XP level 3. HP: 31/31 MP: 3/3
  1471 | D:2      | Found a deep blue altar of Sif Muna.
  1554 | D:2      | Found a shimmering altar of Xom.
  1896 | D:2      | Found a blossoming altar of Fedhas.
  2079 | D:3      | Reached XP level 4. HP: 25/38 MP: 4/4
  2379 | D:3      | Noticed Ratboiler's ghost (amateur DEWn)
  2847 | D:3      | Found an iron altar of Okawaru.
  2969 | D:4      | Noticed namelastname112's ghost (amateur DrMo)
  2998 | D:3      | Reached skill level 6 in Unarmed Combat
  3071 | D:4      | Found a basalt altar of Yredelemnul.
  3277 | D:4      | Reached XP level 5. HP: 33/45 MP: 5/5
  3614 | D:3      | Killed Ratboiler's ghost
  3614 | D:3      | Reached skill level 7 in Unarmed Combat
  3879 | D:4      | Killed namelastname112's ghost
  3879 | D:4      | Reached XP level 6. HP: 7/51 MP: 6/6
  4238 | D:4      | Reached skill level 8 in Unarmed Combat
  4382 | D:4      | Found a shadowy altar of Dithmenos.
  4382 | D:4      | Found a shattered altar of Ashenzari.
  4517 | D:4      | Found a white marble altar of Elyvilon.
  4636 | D:5      | Entered Level 5 of the Dungeon
  4666 | D:5      | Found a staircase to the Ecumenical Temple.
  4691 | Temple   | Entered the Ecumenical Temple
  4872 | D:5      | Reached XP level 7. HP: 52/57 MP: 7/7
  4872 | D:5      | Your scales start taking on a weird mottled colour.
  4873 | D:5      | Quit the game

Vault maps used:
D:1:      evilmike_arrival_hilbert_curve, serial_bayou_lake_a
D:2:      xom_butterflies, nicolae_overflow_crystal_walls, first_bread,
          minivault_11, minivault_24, fedhas_altar_fruit_tree
D:3:      kennysheep_okawaru_gauntlet
D:4:      old_standard_altar, old_standard_altar,
          gammafunk_temple_overflow_statue
D:5:      wad_woods_stonehenge, temple_doors_e, uniq_grinder,
          uniq_prince_ribbit1
Temple:   circular_temple_pool_8

Action                   |  1- 3 |  4- 6 |  7- 9 || total
-------------------------+-------+-------+-------++-------
Melee: Unarmed           |   161 |   187 |       ||   348
  Use: Scroll            |       |     3 |       ||     3
       Potion            |       |     2 |       ||     2
 Stab: Sleeping          |     3 |     4 |       ||     7
       Distracted        |     1 |       |       ||     1
  Eat: Chunk             |     3 |     7 |       ||    10
       Royal jelly       |       |     1 |       ||     1
       Fruit             |       |     1 |       ||     1
